 Dungeon Crawl Stone Soup version 0.28.0-47-ge53b351184 (webtiles) character file.

Game seed: 10344900704333657652

1711 sanboga the Chopper (level 9, -3/56 HPs)
             Began as a Gargoyle Fighter on Apr 25, 2022.
             Slain by an orc warrior
             ... wielding a +0 battleaxe
              (5 damage)
             ... on level 6 of the Dungeon on Apr 26, 2022.
             The game lasted 00:12:40 (9297 turns).

sanboga the Chopper (Gargoyle Fighter)              Turns: 9297, Time: 00:12:41

Health: -3/56      AC: 20    Str: 24    XL:     9   Next: 4%
Magic:  9/9        EV:  8    Int:  9    God:
Gold:   171        SH:  9    Dex:  9    Spells: 8/8 levels left

rFire   . . .      SeeInvis .   a - +0 war axe
rCold   . . .      Faith    .   e - +0 kite shield
rNeg    + . .      Spirit   .   b - +0 scale mail
rPois   ∞          Reflect  .   r - +0 helmet
rElec   +          Harm     .   m - +0 cloak
rCorr   .          Rampage  .   (no gloves)
Will    .....                   (no boots)
Stlth   ..........              (no amulet)
HPRegen 0.18/turn               c - +4 ring of protection
MPRegen 0.11/turn               (no ring)

@: mighty, flying, invisible
A: sickness immunity, AC +6, negative energy resistance 1, electricity
resistance, torment resistance 1, petrification resistance
a: no special abilities


You were on level 6 of the Dungeon.
You visited 1 branch of the dungeon, and saw 6 of its levels.

You collected 214 gold pieces.
You spent 43 gold pieces at shops.

Inventory:

Hand Weapons
 a - a +0 war axe (weapon)
Armour
 b - a +0 scale mail (worn)
 e - a +0 kite shield (worn)
 m - a +0 cloak (worn)
 r - a +0 helmet (worn)
Jewellery
 c - a +4 ring of protection (left hand)
 k - a ring of magical power
Wands
 o - a wand of paralysis (10)
Scrolls
 d - 2 scrolls of fog {unknown}
 g - a scroll of torment {unknown}
 h - a scroll of enchant weapon {unknown}
 j - a scroll of blinking {unknown}
 l - 2 scrolls of magic mapping
 n - a scroll of summoning {unknown}
 p - a scroll of teleportation {unknown}
Potions
 f - 2 potions of flight
 i - 2 potions of mutation


   Skills:
 + Level 6.4 Fighting
 * Level 6.7 Axes
 + Level 6.3 Armour
 + Level 6.4 Shields


You had 8 spell levels left.
You didn't know any spells.
Your spell library contained the following spells:

 Spells                   Type           Power      Damage    Failure   Level
 Foxfire                  Conj/Fire      0%         2x1d4     94%         1
 Shock                    Conj/Air       0%         1d3       94%         1
 Slow                     Hex            0%         N/A       94%         1
 Confusing Touch          Hex            0%         N/A       100%        3
 Conjure Flame            Conj/Fire      0%         6-21      100%        3
 Gell's Gravitas          Tloc           0%         N/A       100%        3
 Inner Flame              Hex/Fire       0%         N/A       100%        3
 Lesser Beckoning         Tloc           0%         N/A       100%        3
 Swiftness                Air            0%         N/A       100%        3
 Teleport Other           Tloc           0%         N/A       100%        3
 Vampiric Draining        Necr           0%         2d6       100%        3
 Airstrike                Air            0%         N/A       100%        4
 Flame Wave               Conj/Fire      0%         2d4       100%        4
 Blade Hands              Tmut           0%         N/A       100%        5
 Irradiate                Conj/Tmut      0%         3d13      100%        5
 Dragon Form              Tmut           0%         N/A       100%        7


Dungeon Overview and Level Annotations

Branches:
Dungeon (6/15)
 Temple: D:4-7

Altars:
Elyvilon
Makhleb
Sif Muna

Shops:
D:5 *(


Innate Abilities, Weirdness & Mutations

You are immune to sickness and miasma.
Your stone body is resilient. (AC +6)
You are immune to poison.
You resist negative energy. (rN+)
You are resistant to electric shocks. (rElec)
You are resistant to unholy torment.
You are immune to petrification.


Message History

You kill the iguana!
The orc shouts!
The orc warrior hits you with a +0 battleaxe.
You barely miss the orc warrior.
The orc warrior is heavily wounded.
The orc warrior hits you with a +0 battleaxe.
You closely miss the orc warrior.
The orc warrior is moderately wounded.
You block the orc warrior's attack.
You hit the orc warrior.
The orc warrior is severely wounded.
You closely miss the orc wizard. You block the orc warrior's attack. x2
You hit the orc warrior.
The orc warrior is severely wounded.
You closely miss the orc wizard.
The orc wizard hits you but does no damage.
You block the orc warrior's attack.
The orc wizard gestures at you while chanting.
The magic dart hits you.
* * * LOW HITPOINT WARNING * * *
You hit the orc warrior.
The orc warrior is severely wounded.
You hit the orc wizard. You slash the orc wizard!
The orc warrior closely misses you.
The orc wizard hits you but does no damage.
The orc wizard barely misses you.
You hit the orc warrior.
The orc warrior is almost dead.
You catch the helpless orc wizard completely off-guard!
You hit the orc wizard but do no damage.
You strike the helpless orc from behind!
You hit the orc. You slash the orc wizard!
You kill the orc wizard!
You block the orc warrior's attack. The orc wizard closely misses you.
The orc warrior hits you with a +0 battleaxe!
* * * LOW HITPOINT WARNING * * *
You feel very mighty all of a sudden. The orc hits you but does no damage.
You block the orc wizard's attack.
The orc warrior hits you with a +0 battleaxe.
You die...

###########.#.#.###.#
#.............#.....#
#.#########.#.#######
#.# ...............
## #.#
.############## ..#
#.####. .. #.##..
#.#.##o### #....o@..#
#...#oo..#
......##....# .......
#....# ..####. #....#
. #. #....# #. #....#
.. #....# ######


You could see an orc warrior, an orc wizard and 2 orcs.

Vanquished Creatures
  A black bear (D:5)
  4 ogres
  5 gnoll sergeants
  A bullfrog zombie (D:5)
  A centaur skeleton (D:5)
  6 hounds
  3 gnoll shamans (D:5)
  A jelly (D:5)
  An orc priest (D:5)
  A bullfrog skeleton (D:4)
  3 iguanas
  Natasha (thrice) (D:4)
  An orc wizard (D:6)
  A hound skeleton (D:4)
  25 gnolls
  5 adders
  An ufetubus (D:5)
  An adder skeleton (D:4)
  A worm (D:2)
  A dart slug (D:1)
  4 orcs
  10 ball pythons
  9 endoplasms
  4 giant cockroaches
  7 goblins
  10 hobgoblins
  9 jackals
  4 quokkas
  6 bats
  3 frilled lizards
  5 kobolds (D:1)
  6 rats
143 creatures vanquished.

Vanquished Creatures (others)
  14 plants
14 creatures vanquished.

Grand Total: 157 creatures vanquished

Notes
Turn   | Place    | Note
-------+----------+-------------------------------------------
     0 | D:1      | sanboga the Gargoyle Fighter began the quest for the Orb.
     0 | D:1      | Reached XP level 1. HP: 14/14 MP: 1/1
   182 | D:1      | Reached XP level 2. HP: 18/19 MP: 2/2
  1271 | D:1      | Reached XP level 3. HP: 23/23 MP: 3/3
  1855 | D:2      | Reached XP level 4. HP: 26/29 MP: 4/4
  2352 | D:3      | Found a faded altar of an unknown god.
  2438 | D:3      | Found a white marble altar of Elyvilon.
  2955 | D:4      | Found a shimmering blue altar of Sif Muna.
  3097 | D:4      | Noticed an ogre
  3109 | D:4      | Killed an ogre
  3110 | D:4      | Reached XP level 5. HP: 24/33 MP: 5/5
  3327 | D:3      | Found a burning altar of Makhleb.
  3829 | D:4      | Noticed Natasha
  3835 | D:4      | Killed Natasha
  3836 | D:4      | Reached XP level 6. HP: 35/39 MP: 6/6
  4288 | D:4      | Noticed Natasha
  4294 | D:4      | Killed Natasha
  4340 | D:4      | Noticed Natasha
  4356 | D:4      | Killed Natasha
  4371 | D:5      | Entered Level 5 of the Dungeon
  6205 | D:5      | Reached XP level 7. HP: 17/44 MP: 7/7
  6409 | D:5      | Reached skill level 5 in Shields
  6460 | D:4      | Reached skill level 5 in Fighting
  6460 | D:4      | Reached skill level 5 in Armour
  7170 | D:5      | Reached skill level 5 in Axes
  7674 | D:5      | Reached XP level 8. HP: 7/50 MP: 8/8
  7982 | D:5      | Found Inneis's Assorted Antiques.
  7991 | D:5      | Bought a fizzy dark potion for 20 gold pieces
  7991 | D:5      | Bought a scroll labelled MUFOAX MUSUH for 23 gold pieces
  8234 | D:5      | Found Imof's Weapon Boutique.
  9183 | D:6      | Reached XP level 9. HP: 50/56 MP: 9/9
  9296 | D:6      | HP: 2/56 [orc warrior/+0 battleaxe (13)]
  9297 | D:6      | Slain by an orc warrior

Illustrated notes

Levels and vault maps discovered:
D:1:      lightli_arrival_flooded_house, layout_loops_corners
D:2:      layout_basic
D:3:      layout_loops_ring, nicolae_overflow_ecumenical_swirl,
          overflow_temple_1_default
D:4:      layout_loops_ring, old_standard_altar, kennysheep_cross_room,
          uniq_natasha
D:5:      layout_cave_pools, serial_gnoll_camp, gnoll_camp_mini_shop,
          gnoll_camp_mini_shop, gnoll_camp_medium_01, gnoll_camp_medium_02,
          gnoll_camp_mini_hut, gnoll_camp_huts_basic
D:6:      layout_basic, minmay_temple_entry_gardened_gates,
          serial_bayou_lagoon_b

Skill      XL: |  1  2  3  4  5  6  7  8 |
---------------+-------------------------+-----
Axes           | 2 3 4 5 6 |  6.7
Fighting       | 4 5 6 |  6.4
Armour         | 4 5 6 |  6.3
Shields        | 4 5 6 |  6.4

Action                   |  1- 3 |  4- 6 |  7- 9 || total
-------------------------+-------+-------+-------++-------
Melee: War axe           |   121 |   178 |   250 ||   549
  Use: Potion            |       |     2 |     9 ||    11
       Scroll            |       |       |     5 ||     5
 Stab: Invisible         |       |     4 |     5 ||     9
Armor: Scale mail        |    54 |   110 |   197 ||   361
Dodge: Dodged            |    67 |   110 |   143 ||   320
Block: Buckler           |    31 |    51 |    16 ||    98
       Kite shield       |       |       |   130 ||   130
